 Dungeon Crawl Stone Soup version 0.30-a0-218-gedb9141078 (webtiles) character file.

Game seed: 11696851995693112258

49 billz999 the Poker (level 3, -2/34 HPs)
             Began as a Naga Berserker on Oct 6, 2022.
             Was a Believer of Trog.
             Slain by a gnoll
             ... wielding a +0 whip
              (6 damage)
             ... on level 2 of the Dungeon.
             The game lasted 00:03:53 (1332 turns).

billz999 the Poker (Naga Berserker)                 Turns: 1332, Time: 00:03:53

Health: -2/34      AC:  2    Str: 21    XL:     3   Next: 77%
Magic:  3/3        EV:  9    Int:  5    God:    Trog [**....]
Gold:   90         SH:  0    Dex: 10    Spells: 2/2 levels left

rFire   . . .      SeeInvis +    a - +0 spear
rCold   . . .      Faith    .    (no shield)
rNeg    . . .      Spirit   .    b - +0 animal skin
rPois   +          Reflect  .    (helmet restricted)
rElec   .          Harm     .    (no cloak)
rCorr   .          Rampage  .    (no gloves)
Will    .....                    (no barding)
Stlth   +.........               (no amulet)
HPRegen 0.25/turn                (no ring)
MPRegen 0.08/turn                (no ring)

@: mighty, very slow
A: AC +1, large, see invisible, deformed body, poison resistance, slowness 2,
spit poison 1, naga tail 1, horns 1, dopey 1
a: Spit Poison, Renounce Religion, Berserk, Trog's Hand


You were on level 2 of the Dungeon.
You worshipped Trog.
Trog was pleased with you.
You visited 1 branch of the dungeon, and saw 2 of its levels.

You collected 90 gold pieces.

Inventory:

Hand Weapons
 a - a +0 spear (weapon)
Armour
 b - a +0 animal skin (worn)
Scrolls
 d - a scroll of vulnerability {unknown}
 e - 2 scrolls of immolation {unknown}
 h - 2 scrolls of fog
 i - a scroll of fear {unknown}
 j - a scroll of identify {unknown}
 k - a scroll of teleportation {unknown}


   Skills:
 - Level 3.0 Fighting
 + Level 4.6 Polearms
 - Level 1.5 Armour
 - Level 1.5 Dodging


You had 2 spell levels left.
You didn't know any spells.
Your spell library was empty.

Dungeon Overview and Level Annotations

Branches:
Dungeon (2/15)

Altars:


Innate Abilities, Weirdness & Mutations

Your serpentine skin is tough. (AC +1)
You have supernaturally acute eyesight. (SInv)
Armour fits poorly on your strangely shaped body.
Your system is resistant to poisons. (rPois)
You cover ground very slowly.
You can spit poison.
You have a snake-like lower body.
You have a pair of small horns on your head.
You are dopey. (Int -2)


Message History

You feel a strong urge to attack something.
You start resting.
You feel your anger nearly subside.
You are no longer berserk.
You are exhausted.
You feel yourself slow down.
You start resting.
You feel yourself speed up.
A gnoll comes into view. It is wielding a +0 whip.
A gnoll is nearby!
A gnoll is nearby!
The gnoll shouts!
You hit the gnoll.
The gnoll is moderately wounded.
The gnoll hits you with a +0 whip.
You closely miss the gnoll.
The gnoll is moderately wounded.
The gnoll misses you.
It was a potion of might.
You feel very mighty all of a sudden. The gnoll hits you with a +0 whip!
You're still recovering from your berserk rage.
Unknown command.
Aiming: Spit Poison (2% risk of failure)
Press: ? - help, Shift-Dir - straight line, f - gnoll
Aim: a gnoll, wielding a +0 whip (moderately wounded, 65% to hit)
The splash of poison hits the gnoll but does no damage.
The gnoll is moderately wounded.
The gnoll hits you with a +0 whip!
* * * LOW HITPOINT WARNING * * *
It was a potion of curing.
You feel better. The gnoll hits you with a +0 whip!
* * * LOW HITPOINT WARNING * * *
It was a potion of mutation.
You feel extremely strange. A pair of horns grows on your head!
You feel stupid.
You have got your breath back.
The gnoll barely misses you.
You closely miss the gnoll.
The gnoll is moderately wounded.
You recover from your berserk rage.
The gnoll hits you with a +0 whip.
You die...

###.#........
#..).......
##.........
##.#######
#..## ##..#
##.## #.)####
##.@g.#
####.# .# #


You could see a gnoll.

Vanquished Creatures
  A gnoll (D:2)
  A worm (D:2)
  7 endoplasms
  A giant cockroach (D:1)
  6 hobgoblins
  2 quokkas (D:1)
  4 bats
  A frilled lizard (D:1)
  6 goblins
  A kobold (D:2)
  2 rats (D:1)
32 creatures vanquished.

Notes
Turn   | Place    | Note
-------+----------+-------------------------------------------
     0 | D:1      | billz999 the Naga Berserker began the quest for the Orb.
     0 | D:1      | Reached XP level 1. HP: 21/21 MP: 1/1
   156 | D:1      | Reached XP level 2. HP: 28/28 MP: 2/2
   525 | D:1      | Found a faded altar of an unknown god.
   797 | D:1      | Reached skill level 4 in Polearms
   884 | D:2      | Reached XP level 3. HP: 34/34 MP: 3/3
  1109 | D:2      | Reached ** piety under Trog
  1331 | D:2      | Gained mutation: You have a pair of small horns on your
                  | head. [potion of mutation]
  1331 | D:2      | Gained mutation: You are dopey. (Int -2) [potion of
                  | mutation]
  1332 | D:2      | Slain by a gnoll

Illustrated notes

Levels and vault maps discovered:
D:1:      lightli_arrival_quake, layout_basic,
          dreamdust_ecumenical_altar_angels_and_demons, nrook_mini_vaults
D:2:      layout_basic

Skill      XL: |  1  2 |
---------------+-------+-----
Polearms       | 4 |  4.6
Fighting       | |  3.0
Armour         | |  1.5
Dodging        | |  1.5

Action                   || total
-------------------------++-------
Melee: Spear             ||    83
Invok: Berserk           ||     3
 Abil: Spit Poison       ||    21
  Use: Potion            ||     3
       Scroll            ||     1
 Stab: Sleeping          ||     1
Armor: Animal skin       ||     8
Dodge: Dodged            ||    21

Table legend: (Time is in decaauts)
 A = Elapsed time spent in this place.
 B = Non-inter-level travel time spent in this place.
 C = Inter-level travel time spent in this place.
 D = Time resting spent in this place.
 E = Time spent auto-exploring this place.
 F = Levels seen in this place.
 G = Mean time per level.
                   A        B        C        D        E       F      G
               +--------+--------+--------+--------+--------+-----+--------+
         Total |   1736 |   1706 |     30 |    109 |   1382 |   2 |  868.0 |
       Dungeon |   1736 |   1706 |     30 |    109 |   1382 |   2 |  868.0 |
               +--------+--------+--------+--------+--------+-----+--------+

Top non-repeatable levels by time:
     D:1: 1094 daAuts
     D:2: 642 daAuts
